 Dungeon Crawl Stone Soup version 0.15.0-16-gce31824 (webtiles) character file.

7289 HungrySpirit the Basher (level 11, -4/97 HPs)
             Began as a Hill Orc Wanderer on Sept 5, 2014.
             Slain by a flayed ghost (14 damage)
             ... on Level 1 of the Abyss.
             The game lasted 00:36:16 (15685 turns).

HungrySpirit the Basher (Hill Orc Wanderer)        Turns: 15685, Time: 00:36:16

HP  -4/97        AC 15     Str 20      XL: 11   Next: 12%
MP  12/12        EV  4     Int 14      God:
Gold 527         SH 10     Dex  7      Spells:  0 memorised, 10 levels left

rFire  + . .     SeeInvis .     h - +0 war axe
rCold  . . .     Clarity  .     L - +1 plate armour
rNeg   . . .     rCorr    .     a - +0 shield
rPois  +         rRot     .     (no helmet)
rElec  .         Spirit   .     B - +0 cloak
SustAb .         Warding  .     (no gloves)
rMut   .         Stasis   .     (no boots)
Gourm  .                        (no amulet)
MR     .....                    d - ring of protection from fire
                                J - ring of poison resistance

@: not resistant to hostile enchantments, extremely unstealthy
A: no striking features
a: no special abilities


You were on level 1 of the Abyss.
You were not hungry.

You visited 2 branches of the dungeon, and saw 10 of its levels.
You visited the Abyss 1 time.

You collected 527 gold pieces.

Inventory:

Hand weapons
 b - a +0 hand crossbow
 c - a +3 flail of holy wrath
 h - a +0 war axe (weapon)
 I - a +3 whip of flaming
Missiles
 e - 95 bolts
 m - 12 poisoned bolts
Armour
 a - a +0 shield (worn)
 B - a +0 cloak (worn)
 L - a +1 plate armour (worn)
Magical devices
 G - a wand of flame (12)
Comestibles
 f - 6 meat rations
 j - 3 bread rations
Scrolls
 i - a scroll of recharging
 n - 5 scrolls of remove curse
 y - 2 scrolls of teleportation
 H - 2 scrolls of enchant armour
Jewellery
 d - a ring of protection from fire (right hand)
 r - an uncursed ring of teleportation
 u - an uncursed amulet of stasis
 x - an uncursed ring of see invisible {unknown}
 C - a +2 ring of intelligence
 J - a ring of poison resistance (left hand)
Potions
 g - a potion of lignification
 k - 2 potions of agility
 q - a potion of porridge
 t - a potion of cure mutation
 v - a potion of magic
 z - a potion of resistance
 M - a potion of curing


   Skills:
 - Level 9.0 Fighting
 * Level 0.6(10.5) Axes
 - Level 13.4 Maces & Flails
 + Level 7.3 Armour
 + Level 7.0 Shields
 - Level 1.0 Evocations


You had 10 spell levels left.
You didn't know any spells.

Dungeon Overview and Level Annotations

Branches:
Dungeon (9/15)             Temple (0/1) D:5             Orc (1/4) D:9
   Lair: D:8-11

Altars:
Cheibriados
Dithmenos
Makhleb
Okawaru
Qazlal
Trog
Vehumet
Xom
The Shining One
Beogh


Message History

The flayed ghost is moderately damaged.
The flayed ghost hits you but does no damage.
You hit the flayed ghost.
The flayed ghost is moderately damaged.
You block the flayed ghost's attack.
You completely miss the flayed ghost.
The flayed ghost is moderately damaged.
The flayed ghost hits you!
* * * LOW HITPOINT WARNING * * *
You hit the flayed ghost but do no damage.
The flayed ghost is moderately damaged.
The flayed ghost hits you but does no damage.
You barely miss the flayed ghost.
The flayed ghost is moderately damaged.
You block the flayed ghost's attack. The flayed ghost hits you!
* * * LOW HITPOINT WARNING * * *
You closely miss the flayed ghost.
The flayed ghost is moderately damaged.
The flayed ghost hits you!
You die...

.#.. # .#....
..... # # .. #
#.## ...# #..###
.. ... #.#.##
.#..#.###...##
#.#..#.....#.# .
## #≈≈≈..@#
.#.######≈##W# #
........ ##...≈.
. .....
#.....≈.........
.......#......
....###....## ..
....# .


You could see a flayed ghost.

Vanquished Creatures
  Pikel (D:5)
  5 two-headed ogres
  A troll (D:9)
  Eustachio (Orc:1)
  A hill giant skeleton (D:9)
  The ghost of Antioch the Gusty, an average HEAE (D:4)
  A water moccasin (D:7)
  A small abomination (Abyss:1)
  7 orc warriors
  A slave (D:5)
  3 black bears (D:6)
  2 phantoms
  A crocodile (D:9)
  2 centaurs
  4 sky beasts
  17 ogres
  Duvessa (D:8)
  A big kobold (D:9)
  4 giant frogs
  2 scorpions
  A wyvern skeleton (D:5)
  A hippogriff skeleton (D:5)
  Dowan (D:8)
  3 crimson imps
  A hound (D:8)
  A goliath beetle (D:7)
  An orc priest (D:9)
  2 iguanas (D:7)
  Crazy Yiuf (D:3)
  2 jellies (D:9)
  9 orc wizards
  8 worker ants
  Ijyb (D:2)
  Jessica (D:2)
  An ogre skeleton (D:7)
  2 ogre zombies (Orc:1)
  7 gnolls
  6 adders
  A giant mite (D:7)
  2 shadow imps
  4 worms
  An iguana skeleton (D:6)
  3 giant geckos
  3 oozes
  39 orcs
  3 ball pythons
  8 bats
  5 giant cockroaches
  11 goblins
  21 hobgoblins
  8 jackals
  18 kobolds
  5 giant newts
  A goblin zombie (D:5)
  A hobgoblin skeleton (D:4)
  2 hobgoblin zombies (D:5)
  3 kobold skeletons (D:5)
  A kobold zombie (D:5)
  2 orc skeletons (D:5)
  2 quokkas (D:2)
  A quokka zombie (D:6)
  11 rats
  A rat skeleton (D:8)
  A rat zombie (D:5)
  4 plants (D:3)
268 creatures vanquished.

Vanquished Creatures (others)
  A giant spore (D:5)
  A rat (D:5)
2 creatures vanquished.

Grand Total: 270 creatures vanquished

Notes
Turn   | Place    | Note
--------------------------------------------------------------
     0 | D:1      | HungrySpirit, the Hill Orc Wanderer, began the quest for the Orb.
     0 | D:1      | Reached XP level 1. HP: 19/19 MP: 1/1
   210 | D:1      | Reached skill level 4 in Fighting
   210 | D:1      | Reached XP level 2. HP: 21/27 MP: 2/2
   830 | D:2      | Reached XP level 3. HP: 25/33 MP: 3/3
   969 | D:2      | Noticed Jessica
   989 | D:2      | Killed Jessica
  1249 | D:2      | Reached XP level 4. HP: 41/41 MP: 4/4
  1676 | D:2      | Reached skill level 5 in Fighting
  1767 | D:2      | Noticed Ijyb
  1793 | D:2      | Killed Ijyb
  2052 | D:2      | Reached skill level 5 in Maces & Flails
  2052 | D:2      | Reached XP level 5. HP: 18/48 MP: 5/5
  2853 | D:3      | Found a stormy altar of Qazlal.
  2858 | D:3      | Found a burning altar of Makhleb.
  2910 | D:3      | Noticed Crazy Yiuf
  2931 | D:3      | Killed Crazy Yiuf
  4114 | D:4      | Found a shadowy altar of Dithmenos.
  4200 | D:4      | Noticed Antioch's ghost (average HEAE)
  4211 | D:4      | Killed Antioch's ghost
  4211 | D:4      | Reached skill level 6 in Fighting
  4211 | D:4      | Reached XP level 6. HP: 56/58 MP: 7/7
  4293 | D:4      | Found a shimmering altar of Xom.
  4448 | D:5      | Entered Level 5 of the Dungeon
  4448 | D:5      | Noticed Pikel
  4788 | D:5      | Reached XP level 7. HP: 55/64 MP: 8/8
  4861 | D:5      | Reached skill level 7 in Fighting
  5049 | D:5      | Found a glowing golden altar of the Shining One.
  5671 | D:5      | Found a staircase to the Ecumenical Temple.
  5992 | D:5      | Killed Pikel
  5992 | D:5      | Reached skill level 8 in Fighting
  5992 | D:5      | Reached XP level 8. HP: 41/75 MP: 9/9
  6374 | D:6      | Found a bloodstained altar of Trog.
  6396 | D:6      | Reached skill level 9 in Maces & Flails
  7816 | D:6      | Reached XP level 9. HP: 81/83 MP: 10/10
  7945 | D:6      | Reached skill level 10 in Maces & Flails
  8112 | D:6      | Found a radiant altar of Vehumet.
  8112 | D:6      | Found an iron altar of Okawaru.
  9434 | D:7      | Upgraded the game from 0.15.0-14-g6bbbb5c to 0.15.0-16-gce31824
  9685 | D:7      | Found a snail-covered altar of Cheibriados.
 10016 | D:8      | Noticed Duvessa
 10052 | D:8      | Killed Duvessa
 10052 | D:8      | Reached skill level 11 in Maces & Flails
 10073 | D:8      | Noticed Dowan
 10341 | D:8      | Killed Dowan
 11465 | D:8      | Reached skill level 5 in Armour
 11487 | D:8      | Reached XP level 10. HP: 38/91 MP: 11/11
 12414 | D:9      | Reached skill level 5 in Shields
 12542 | D:9      | Found a roughly hewn altar of Beogh.
 13008 | D:9      | Reached skill level 12 in Maces & Flails
 13078 | D:9      | Found a staircase to the Orcish Mines.
 14004 | Orc:1    | Entered Level 1 of the Orcish Mines
 14019 | Orc:1    | Found a bloodstained altar of Trog.
 14485 | Orc:1    | Noticed Eustachio
 14504 | Orc:1    | Killed Eustachio
 15159 | Orc:1    | Reached skill level 13 in Maces & Flails
 15180 | Orc:1    | Reached XP level 11. HP: 61/97 MP: 12/12
 15543 | Orc:1    | Noticed an ogre mage
 15543 | Orc:1    | Cast into the Abyss (ogre mage)
 15607 | Abyss:1  | Found a corrupted altar of Lugonu.
 15609 | Abyss:1  | Noticed a starcursed mass
 15619 | Abyss:1  | Noticed a titan zombie
 15621 | Abyss:1  | Noticed an Executioner
 15669 | Abyss:1  | Noticed a flayed ghost
 15685 | Abyss:1  | Slain by a flayed ghost

Action                   |  1- 3 |  4- 6 |  7- 9 | 10-12 || total
-------------------------+-------+-------+-------+-------++-------
Melee: Mace              |    92 |   104 |       |       ||   196
       Flail             |       |   217 |   119 |       ||   336
       Whip              |       |       |   549 |   373 ||   922
       War axe           |       |       |       |    19 ||    19
 Fire: Hand crossbow     |    18 |    36 |     9 |     5 ||    68
Throw: Tomahawk          |       |       |       |     6 ||     6
  Use: Scroll            |       |     3 |    16 |     3 ||    22
       Potion            |       |     1 |    11 |     2 ||    14
  Eat: Fruit             |     4 |       |       |       ||     4
       Chunk             |       |     6 |    19 |    10 ||    35
       Pizza             |       |     2 |       |       ||     2
       Beef jerky        |       |       |     1 |     2 ||     3
       Royal jelly       |       |       |     1 |       ||     1
       Bread ration      |       |       |       |     1 ||     1
